 Dungeon Crawl Stone Soup version 0.29.1-13-g9f3cf754e1 (webtiles) character file.

Game seed: 6867266513254062510

112 McKennaii the Covered (level 4, -5/38 HPs)
             Began as a Demigod Fighter on Feb 6, 2023.
             Slain by a river rat (8 damage)
             ... on level 3 of the Dungeon.
             The game lasted 00:01:59 (2550 turns).

McKennaii the Covered (Demigod Fighter)             Turns: 2550, Time: 00:01:59

Health: -5/38      AC:  8    Str: 21    XL:     4   Next: 37%
Magic:  6/6        EV:  9    Int: 10    God:
Gold:   94         SH:  4    Dex: 13    Spells: 3/3 levels left

rFire   . . .      SeeInvis .   a - +0 long sword
rCold   . . .      Faith    .   c - +0 buckler
rNeg    . . .      Spirit   .   b - +0 scale mail
rPois   .          Reflect  .   (no helmet)
rElec   .          Harm     .   (no cloak)
rCorr   +          Rampage  .   (no gloves)
Will    .....                   m - +0 pair of boots
Stlth   ..........              (no amulet)
HPRegen 0.12/turn               f - ring of resist corrosion
MPRegen 0.10/turn               (no ring)

@: very slow
A: high MP 1, forlorn, divine attributes
a: no special abilities


You were on level 3 of the Dungeon.
You visited 1 branch of the dungeon, and saw 3 of its levels.

You collected 94 gold pieces.

Inventory:

Hand Weapons
 a - a +0 long sword (weapon)
Missiles
 i - 2 throwing nets (quivered)
Armour
 b - a +0 scale mail (worn)
 c - a +0 buckler (worn)
 m - a +0 pair of boots (worn)
Jewellery
 f - a ring of resist corrosion (left hand)
 o - a +6 ring of dexterity
Wands
 l - a wand of polymorph (7)
Scrolls
 h - a scroll of identify {unknown}
 j - 4 scrolls of teleportation {unknown}
 k - a scroll of acquirement {unknown}
 p - a scroll of enchant armour {unknown}
Potions
 d - a potion of might
 e - 5 potions of curing {unknown}
 g - a potion of invisibility {unknown}
 n - 3 potions of berserk rage {unknown}
 q - a potion of degeneration {unknown}


   Skills:
 + Level 3.5 Fighting
 + Level 2.9 Long Blades
 + Level 3.6 Armour
 - Level 2.6 Shields


You had 3 spell levels left.
You didn't know any spells.
Your spell library contained the following spells:

 Spells                   Type           Power      Damage    Failure   Level
 Magic Dart               Conj           0%         1d3       80%         1
 Searing Ray              Conj           0%         2d4       90%         2
 Fulminant Prism          Conj/Hex       0%         3d6       100%        4


Dungeon Overview and Level Annotations

Branches:
Dungeon (3/15)


Innate Abilities, Weirdness & Mutations

You have an increased reservoir of magic. (+10% MP)
You shall have no god before yourself.
Your divine heritage dramatically boosts your attributes as you level up.


Message History

The adder barely misses you. The adder bites you but does no damage.
You hit the adder.
You kill the adder!
You barely miss the river rat. The river rat bites you.
The river rat twitches its whiskers.
You block the river rat's attack.
You closely miss the river rat. The river rat bites you.
You hit the river rat.
The river rat is heavily wounded.
The river rat bites you but does no damage.
You hit the river rat.
The river rat is heavily wounded.
You block the river rat's attack.
You closely miss the river rat.
The river rat is heavily wounded.
The river rat closely misses you.
The river rat bites you but does no damage.
Your unstable footing causes you to fumble your attack.
The river rat bites you.
* * * LOW HITPOINT WARNING * * *
You hit the river rat.
The river rat is severely wounded.
The river rat bites you but does no damage.
The river rat bites you.
* * * LOW HITPOINT WARNING * * *
You closely miss the river rat.
The river rat is severely wounded.
The river rat bites you.
* * * LOW HITPOINT WARNING * * *
You hit the river rat.
The river rat is almost dead.
The river rat barely misses you.
Your unstable footing causes you to fumble your attack.
The river rat bites you but does no damage.
You block the river rat's attack.
Your unstable footing causes you to fumble your attack.
The river rat bites you but does no damage.
Your unstable footing causes you to fumble your attack.
The river rat bites you!
You die...

....................
..........###..#####
..........†...##
........!†#.####
##########~~...##
#~~~...##
#~#######~#.......
~~~~~~r~#~~~..####
########@#~#~..#
#~##~~~~~#~~~~.#
#~~~~#~#~#~#~..#
######~#~#~#~..#
#~~~~~~#~~~#...#
############ ...#
#.# .#


You could see a river rat.

Vanquished Creatures
  2 river rats (D:3)
  5 adders
  2 worms
  2 dart slugs
  A ball python (D:1)
  5 endoplasms
  A giant cockroach (D:1)
  5 goblins
  4 hobgoblins
  5 kobolds
  4 bats (D:1)
  3 frilled lizards
  3 rats
42 creatures vanquished.

Notes
Turn   | Place    | Note
-------+----------+-------------------------------------------
     0 | D:1      | McKennaii the Demigod Fighter began the quest for the Orb.
     0 | D:1      | Reached XP level 1. HP: 18/18 MP: 3/3
   520 | D:1      | Reached XP level 2. HP: 23/25 MP: 4/4
  1635 | D:2      | Reached XP level 3. HP: 29/31 MP: 5/5
  2492 | D:3      | Reached XP level 4. HP: 34/38 MP: 6/6
  2550 | D:3      | Slain by a river rat

Illustrated notes

Levels and vault maps discovered:
D:1:      dpeg_arrival_boxorama, layout_basic
D:2:      layout_basic
D:3:      layout_rooms, dreamdust_ecumenical_altar_sealed_demon,
          lightli_sewer_entry_pipes, nicolae_shop_vocational, uniq_jessica,
          uniq_crazy_yiuf_cottage, uniq_robin, uniq_terence

Skill      XL: |  1  2 |
---------------+-------+-----
Long Blades    | 2 |  2.9
Fighting       | 3 |  3.5
Armour         | 3 |  3.6
Shields        | |  2.6

Action                   |  1- 3 |  4- 6 || total
-------------------------+-------+-------++-------
Melee: Long sword        |   143 |    42 ||   185
Armor: Scale mail        |    53 |    18 ||    71
Dodge: Dodged            |    67 |    11 ||    78
Block: Buckler           |    33 |     6 ||    39
